PIO (24 & UNDER)
JASPER COUGARS @ COLORADO COMMANDERS
06/14/2023
 
TOP OF THE 1ST
Jasper Cougars batting - Pitching for Colorado Commanders : RHP Kenshin Kubota
Pitching: RHP Kenshin Kubota
Batting: LHB Jon Scott 0-0: Called Strike
0-1: Ball
1-1: Foul Ball, location: 2F
1-2: Foul Ball, location: 2F
1-2: Ball
2-2: Foul Ball, location: 2F
2-2: SOLO HOME RUN (Flyball, 9D), Distance : 377 ft
Batting: RHB Manuel Pérez 0-0: Foul Ball, location: 2F
0-1: Ball
1-1: Ball
2-1: Foul Ball, location: 2F
2-2: Foul Ball, location: 2F
2-2: Foul Ball, location: 2F
2-2: Ball
3-2: Foul Ball, location: 2F
3-2: Base on Balls
Batting: RHB Juan Vázquez 0-0: Called Strike
Manuel Pérez steals 2nd base
0-1: Fly out, F7 (Flyball, 7M)
Batting: SHB Ron Edwards 0-0: Ball
1-0: Ball
Manuel Pérez is caught stealing 3rd base
2-0: Swinging Strike
2-1: Ball
3-1: Base on Balls
Batting: LHB Enrique Valentín 0-0: Called Strike
0-1: Ball
1-1: Foul Ball, location: 2F
1-2: Foul Ball, location: 2F
1-2: Strikes out swinging
Top of the 1st over - 1 run(s), 1 hit(s), 0 error(s), 1 left on base; Jasper 1 - Colorado 0
BOTTOM OF THE 1ST
Colorado Commanders batting - Pitching for Jasper Cougars : RHP Tsugahara Suzuki
Pitching: RHP Tsugahara Suzuki
Batting: RHB Richard Wilkins 0-0: Called Strike
0-1: Ball
1-1: Swinging Strike
1-2: Ball
2-2: Foul Ball, location: 2F
2-2: SINGLE (Groundball, 4D) (infield hit)
Batting: RHB John Riley 0-0: Fly out, F7 (Flyball, 7M)
Batting: LHB Rafael Delgado 0-0: Called Strike
0-1: Foul Ball, location: 2F
0-2: Ball
1-2: Fly out, F9 (Flyball, 9LMF)
Batting: RHB Emílio Bruno 0-0: Ball
1-0: Called Strike
1-1: Ball
2-1: Fly out, F9 (Flyball, 9M)
Bottom of the 1st over - 0 run(s), 1 hit(s), 0 error(s), 1 left on base; Jasper 1 - Colorado 0
TOP OF THE 2ND
Jasper Cougars batting - Pitching for Colorado Commanders : RHP Kenshin Kubota
Batting: RHB Dan Hooper 0-0: Ball
1-0: Swinging Strike
1-1: Swinging Strike
1-2: Ball
2-2: Strikes out looking
Batting: RHB Dave Parker 0-0: SINGLE (Groundball, 56)
Batting: RHB Tsugahara Suzuki 0-0: Called Strike
0-1: Foul Ball, location: 2F
0-2: Ball
1-2: Strikes out looking
Batting: RHB Greg King 0-0: Ball
1-0: Fly out, F9 (Flyball, 9M)
Top of the 2nd over - 0 run(s), 1 hit(s), 0 error(s), 1 left on base; Jasper 1 - Colorado 0
BOTTOM OF THE 2ND
Colorado Commanders batting - Pitching for Jasper Cougars : RHP Tsugahara Suzuki
Batting: RHB Diego Francisco 0-0: Ball
1-0: Called Strike
1-1: Foul Ball, location: 2F
1-2: Foul Ball, location: 2F
1-2: Foul Ball, location: 2F
1-2: Ground out 1-3 (Groundball, 13S)
Batting: SHB George Adams 0-0: Foul Ball, location: 2F
0-1: Ball
1-1: Ball
2-1: Ball
3-1: Base on Balls
Batting: RHB Emiel van Rhee 0-0: Foul Ball, location: 2F
0-1: Swinging Strike
0-2: Ball
1-2: Strikes out swinging
Batting: LHB John Nicholson 0-0: Ball
1-0: Called Strike
1-1: Swinging Strike
1-2: Strikes out looking
Bottom of the 2nd over - 0 run(s), 0 hit(s), 0 error(s), 1 left on base; Jasper 1 - Colorado 0
TOP OF THE 3RD
Jasper Cougars batting - Pitching for Colorado Commanders : RHP Kenshin Kubota
Batting: LHB Jon Scott 0-0: Ball
1-0: Swinging Strike
1-1: Ball
2-1: Ball
3-1: Foul Ball, location: 2F
3-2: Strikes out swinging
Batting: RHB Manuel Pérez 0-0: Called Strike
0-1: Ball
1-1: Ball
2-1: Ground out 5-3 (Groundball, 5L)
Batting: RHB Juan Vázquez 0-0: Called Strike
0-1: Ground out 5-3 (Groundball, 5L)
Top of the 3rd over - 0 run(s), 0 hit(s), 0 error(s), 0 left on base; Jasper 1 - Colorado 0
BOTTOM OF THE 3RD
Colorado Commanders batting - Pitching for Jasper Cougars : RHP Tsugahara Suzuki
Batting: RHB Lee Price 0-0: Called Strike
0-1: Called Strike
0-2: Ball
1-2: Ball
2-2: Strikes out swinging
Batting: RHB Richard Wilkins 0-0: SINGLE (Line Drive, 56)
Batting: RHB John Riley 0-0: Called Strike
Pickoff Throw to First - Error! E1
Richard Wilkins to second
0-1: Ball
1-1: Foul Ball, location: 2F
1-2: Foul Ball, location: 2F
1-2: Strikes out swinging
Batting: LHB Rafael Delgado 0-0: Called Strike
0-1: Foul Ball, location: 2F
0-2: Ground out 1-3 (Groundball, 13S)
Bottom of the 3rd over - 0 run(s), 1 hit(s), 1 error(s), 1 left on base; Jasper 1 - Colorado 0
TOP OF THE 4TH
Jasper Cougars batting - Pitching for Colorado Commanders : RHP Kenshin Kubota
Batting: SHB Ron Edwards 0-0: Ball
1-0: Ground out U3 (Groundball, 3S)
Batting: LHB Enrique Valentín 0-0: SINGLE (Groundball, 3D)
Batting: RHB Dan Hooper 0-0: Ball
1-0: Foul Ball, location: 2F
1-1: Called Strike
1-2: Strikes out swinging
Batting: RHB Dave Parker 0-0: Foul Ball, location: 2F
0-1: Ball
1-1: Ball
2-1: Foul Ball, location: 2F
2-2: Ball
3-2: Foul Ball, location: 2F
3-2: Base on Balls
Enrique Valentín to second
Batting: RHB Tsugahara Suzuki 0-0: Ball
1-0: Foul Ball, location: 2F
1-1: Foul Ball, location: 2F
1-2: Ball
2-2: Foul Ball, location: 2F
2-2: Foul Ball, location: 2F
2-2: Ball
3-2: Foul Ball, location: 2F
3-2: Base on Balls
Enrique Valentín to third
Dave Parker to second
Batting: RHB Greg King 0-0: Foul Ball, location: 2F
0-1: Ground out 6-3 (Groundball, 6)
Top of the 4th over - 0 run(s), 1 hit(s), 0 error(s), 3 left on base; Jasper 1 - Colorado 0
BOTTOM OF THE 4TH
Colorado Commanders batting - Pitching for Jasper Cougars : RHP Tsugahara Suzuki
Batting: RHB Emílio Bruno 0-0: Ball
1-0: Called Strike
1-1: Fly out, F8 (Line Drive, 8LS)
Batting: RHB Diego Francisco 0-0: Ball
1-0: Ball
2-0: Ball
3-0: Called Strike
3-1: SINGLE (Line Drive, 78S)
Batting: SHB George Adams 0-0: Called Strike
0-1: Swinging Strike
0-2: Strikes out looking
Batting: RHB Emiel van Rhee 0-0: Foul Ball, location: 2F
0-1: Fly out, F7 (Flyball, 78M)
Bottom of the 4th over - 0 run(s), 1 hit(s), 0 error(s), 1 left on base; Jasper 1 - Colorado 0
TOP OF THE 5TH
Jasper Cougars batting - Pitching for Colorado Commanders : RHP Kenshin Kubota
Batting: LHB Jon Scott 0-0: Ball
1-0: Called Strike
1-1: Ball
2-1: Foul Ball, location: 2F
2-2: SOLO HOME RUN (Line Drive, 9LD), Distance : 361 ft
Batting: RHB Manuel Pérez 0-0: Called Strike
0-1: Ball
1-1: Ball
2-1: SINGLE (Flyball, 8RS)
Pitching: LHP Albert Alonzo
Batting: RHB Juan Vázquez 0-0: Ball
1-0: Foul Ball, location: 2F
1-1: Ball
2-1: Ball
3-1: Called Strike
3-2: Strikes out swinging
Batting: SHB Ron Edwards 0-0: Ball
1-0: Ball
2-0: SINGLE (Line Drive, 8LS)
Manuel Pérez to second
Batting: LHB Enrique Valentín 0-0: Ball
1-0: Swinging Strike
1-1: Ball
2-1: Ball
3-1: Called Strike
3-2: Foul Ball, location: 2F
3-2: Base on Balls
Manuel Pérez to third
Ron Edwards to second
Batting: RHB Dan Hooper 0-0: Swinging Strike
0-1: Foul Ball, location: 2F
0-2: Ball
1-2: Foul Ball, location: 2F
1-2: Ball
2-2: Foul Ball, location: 2F
2-2: Grounds into double play, 4-6-3 (Groundball, 34)
Top of the 5th over - 1 run(s), 3 hit(s), 0 error(s), 2 left on base; Jasper 2 - Colorado 0
BOTTOM OF THE 5TH
Colorado Commanders batting - Pitching for Jasper Cougars : RHP Tsugahara Suzuki
Batting: LHB John Nicholson 0-0: SOLO HOME RUN (Flyball, 89XD), Distance : 389 ft
Batting: RHB Lee Price 0-0: Called Strike
0-1: Swinging Strike
0-2: Ball
1-2: Ball
2-2: Strikes out looking
Batting: RHB Richard Wilkins 0-0: Called Strike
0-1: Ball
1-1: Foul Ball, location: 2F
1-2: Ball
2-2: Strikes out looking
Batting: RHB John Riley 0-0: SINGLE (Groundball, 6M)
Batting: LHB Rafael Delgado 0-0: Ball
1-0: Foul Ball, location: 2F
1-1: Ground out 3-1 (Groundball, 3)
Bottom of the 5th over - 1 run(s), 2 hit(s), 0 error(s), 1 left on base; Jasper 2 - Colorado 1
TOP OF THE 6TH
Jasper Cougars batting - Pitching for Colorado Commanders : LHP Albert Alonzo
Batting: RHB Dave Parker 0-0: Ball
1-0: Called Strike
1-1: Ground out U3 (Groundball, 3)
Batting: RHB Tsugahara Suzuki 0-0: Foul Ball, location: 2F
0-1: SINGLE (Groundball, 56D)
Batting: RHB Greg King 0-0: Swinging Strike
0-1: Ball
1-1: Ball
2-1: Swinging Strike
2-2: Strikes out swinging
Tsugahara Suzuki steals 2nd base
Batter strikes out.
Batting: LHB Jon Scott 0-0: Swinging Strike
0-1: Swinging Strike
0-2: Ball
1-2: Foul Ball, location: 2F
1-2: Foul Ball, location: 2F
1-2: Strikes out swinging
Top of the 6th over - 0 run(s), 1 hit(s), 0 error(s), 1 left on base; Jasper 2 - Colorado 1
BOTTOM OF THE 6TH
Colorado Commanders batting - Pitching for Jasper Cougars : RHP Tsugahara Suzuki
Batting: RHB Emílio Bruno 0-0: Ball
1-0: Called Strike
1-1: Swinging Strike
1-2: Strikes out looking
Batting: RHB Diego Francisco 0-0: Ball
1-0: Foul Ball, location: 2F
1-1: Ball
2-1: Foul Ball, location: 2F
2-2: Ball
3-2: Strikes out looking
Batting: SHB George Adams 0-0: Ball
1-0: Ball
2-0: Called Strike
2-1: Called Strike
2-2: Ball
3-2: Base on Balls
Pitching: RHP Brad White
Batting: RHB Emiel van Rhee 0-0: Called Strike
0-1: Ball
1-1: Called Strike
1-2: Ground out 1-3 (Groundball, 25)
Bottom of the 6th over - 0 run(s), 0 hit(s), 0 error(s), 1 left on base; Jasper 2 - Colorado 1
TOP OF THE 7TH
Jasper Cougars batting - Pitching for Colorado Commanders : LHP Albert Alonzo
Pitching: RHP Bill Davis
Batting: RHB Manuel Pérez 0-0: Foul Ball, location: 2F
0-1: SINGLE (Groundball, 56D) (infield hit)
Batting: RHB Juan Vázquez 0-0: Ball
1-0: Ball
2-0: Ball
3-0: Called Strike
3-1: Called Strike
3-2: Ground out 5-3 (Groundball, 15S)
Manuel Pérez to second
Batting: SHB Ron Edwards 0-0: Ball
1-0: Ball
2-0: Called Strike
2-1: Swinging Strike
2-2: Strikes out swinging
Batting: LHB Enrique Valentín 0-0: Ball
1-0: Ball
2-0: Ball
3-0: Base on Balls
Batting: RHB Dan Hooper 0-0: Fielders Choice at 2nd, 5-4 (Groundball, 56)
Top of the 7th over - 0 run(s), 1 hit(s), 0 error(s), 1 left on base; Jasper 2 - Colorado 1
BOTTOM OF THE 7TH
Colorado Commanders batting - Pitching for Jasper Cougars : RHP Brad White
Batting: LHB John Nicholson 0-0: Ball
1-0: Foul Ball, location: 2F
1-1: Ball
2-1: Ball
3-1: Base on Balls
Batting: RHB Lee Price 0-0: Sac Bunt - play at second, runner OUT! 1-6
Batting: RHB Richard Wilkins 0-0: Called Strike
0-1: Foul Ball, location: 2F
0-2: Strikes out swinging
Pinch Hitting: SHB Scott Compton 0-0: Foul Ball, location: 2F
0-1: Ball
1-1: Ball
2-1: Foul Ball, location: 2F
2-2: Foul Ball, location: 2F
2-2: Foul Ball, location: 2F
2-2: Strikes out swinging
Bottom of the 7th over - 0 run(s), 0 hit(s), 0 error(s), 1 left on base; Jasper 2 - Colorado 1
TOP OF THE 8TH
Jasper Cougars batting - Pitching for Colorado Commanders : RHP Bill Davis
Now at SS: Earnest Turner
Batting: RHB Dave Parker 0-0: Foul Ball, location: 2F
0-1: SINGLE (Groundball, 15S) (infield hit)
Batting: RHB Tsugahara Suzuki 0-0: Sac Bunt - play at first, batter OUT! 5-4
Dave Parker to second
Batting: RHB Greg King 0-0: Intentional Walk
Batting: LHB Jon Scott 0-0: Ball
1-0: Ball
2-0: Ball
3-0: Base on Balls
Dave Parker to third
Greg King to second
Batting: RHB Manuel Pérez 0-0: Ball
1-0: Called Strike
1-1: Ball
2-1: Ball
3-1: Base on Balls
Dave Parker scores
Greg King to third
Jon Scott to second
Batting: RHB Juan Vázquez 0-0: Grounds into double play, 6-4-3 (Groundball, 6M)
Top of the 8th over - 1 run(s), 1 hit(s), 0 error(s), 2 left on base; Jasper 3 - Colorado 1
BOTTOM OF THE 8TH
Colorado Commanders batting - Pitching for Jasper Cougars : RHP Brad White
Batting: LHB Rafael Delgado 0-0: Called Strike
0-1: Foul Ball, location: 2F
0-2: Ball
1-2: Ball
2-2: Ball
3-2: Strikes out swinging
Batting: RHB Emílio Bruno 0-0: Ball
1-0: Called Strike
1-1: Fly out, F9 (Popup, 9S)
Batting: RHB Diego Francisco 0-0: SINGLE (Line Drive, 8LS)
Pitching: RHP Pancho Hernández
Batting: SHB George Adams 0-0: Ball
1-0: Ball
2-0: Called Strike
2-1: Ball
3-1: Base on Balls
Diego Francisco to second
Pinch Hitting: RHB Joe Haley 0-0: Foul Ball, location: 2F
0-1: DOUBLE (Line Drive, 89M)
Diego Francisco scores
George Adams to third
Runner from 3rd tries for Home, SAFE, no throw or cutoff
Batting: LHB John Nicholson 0-0: Called Strike
0-1: Ball
1-1: Ground out 6-3 (Groundball, 6M)
Bottom of the 8th over - 2 run(s), 2 hit(s), 0 error(s), 1 left on base; Jasper 3 - Colorado 3
TOP OF THE 9TH
Jasper Cougars batting - Pitching for Colorado Commanders : RHP Bill Davis
Pitching: LHP Jerry Beck
Now at 3B: Joe Haley
Batting: SHB Ron Edwards 0-0: Foul Ball, location: 2F
0-1: Called Strike
0-2: Strikes out swinging
Batting: LHB Enrique Valentín 0-0: Called Strike
0-1: SINGLE (Flyball, 8RS)
Batting: RHB Dan Hooper 0-0: Called Strike
0-1: Swinging Strike
0-2: Strikes out looking
Batting: RHB Dave Parker 0-0: SINGLE (Groundball, 34D)
Enrique Valentín to second
Runner from 2nd tries for 3rd, SAFE, throw made to third
Dave Parker to second
Batting: RHB Tsugahara Suzuki 0-0: Called Strike
0-1: Foul Ball, location: 2F
0-2: Strikes out swinging
Top of the 9th over - 0 run(s), 2 hit(s), 0 error(s), 2 left on base; Jasper 3 - Colorado 3
BOTTOM OF THE 9TH
Colorado Commanders batting - Pitching for Jasper Cougars : RHP Pancho Hernández
Pinch Hitting: RHB Richard Pendergast 0-0: Called Strike
0-1: Swinging Strike
0-2: Strikes out swinging
Batting: RHB Richard Wilkins 0-0: Swinging Strike
0-1: Foul Ball, location: 2F
0-2: Ball
1-2: Ball
2-2: Ball
3-2: Base on Balls
Pinch Hitting: RHB Tim Adkins 0-0: Called Strike
0-1: Swinging Strike
0-2: Ball
1-2: Foul Ball, location: 2F
1-2: Ball
2-2: Strikes out looking
Batting: LHB Rafael Delgado 0-0: Swinging Strike
0-1: Ball
1-1: Ball
2-1: Foul Ball, location: 2F
2-2: DOUBLE (Flyball, 78XD)
Richard Wilkins to third
Richard Wilkins scores
This league is powered by Out of the Park Baseball, the baseball management simulation game for PC, Mac and Linux
Wednesday, December 2nd, 2015 - OOTP Baseball 16.8 Build 38